 Dungeon Crawl Stone Soup version 0.32-a0-876-gcfddb08e57 (webtiles) character file.

Game seed: 12021258342086116068

54 pokedragonboy the Magician (level 3, -1/19 HPs)
             Began as a Deep Elf Hedge Wizard on Apr 1, 2024.
             Slain by Terence
             ... wielding a +0 hand axe
              (6 damage)
             ... on level 2 of the Dungeon.
             The game lasted 00:06:18 (1194 turns).

pokedragonboy the Magician (Deep Elf Hedge Wizard)  Turns: 1194, Time: 00:06:19

Health: -1/19      AC:  2    Str:  7    XL:     3   Next: 66%
Magic:  1/11       EV: 11    Int: 20    God:
Gold:   39         SH:  0    Dex: 14    Spells: 7/12 levels left

rFire   . . .        a - +0 dagger
rCold   . . .        (no shield)
rNeg    . . .        b - +0 robe
rPois   .            c - +0 hat
rElec   .            (no cloak)
rCorr   .            (no gloves)
SInv    .            (no boots)
Will    .....        (no amulet)
Stlth   ++           (no ring)
HPRegen 0.23/turn    (no ring)
MPRegen 0.12/turn

%: no passive effects
@: no status effects
A: no striking features
a: no special abilities


You were on level 2 of the Dungeon.
You visited 1 branch of the dungeon, and saw 2 of its levels.

You collected 39 gold pieces.

Inventory:

Hand Weapons
 a - a +0 dagger (weapon)
Armour
 b - a +0 robe (worn)
 c - a +0 hat (worn)


   Skills:
 - Level 2.4 Dodging
 - Level 2.4 Stealth
 * Level 5.2 Spellcasting
 * Level 2.4 Conjurations
 + Level 1.4 Summonings
 + Level 2.0 Translocations


You had 7 spell levels left.
You knew the following spells:

 Your Spells              Type           Power      Damage    Failure   Level
a - Magic Dart            Conj           60%        1d6       4%          1
b - Blink                 Tloc           26%        N/A       8%          2
c - Call Imp              Summ           22%        N/A       10%         2

Your spell library contained the following spells:

 Spells                   Type           Power      Damage    Failure   Level
 Momentum Strike          Conj/Tloc      28%        3d8       7%          2
 Lesser Beckoning         Tloc           26%        N/A       8%          2
 Slow                     Hex            20%        N/A       12%         1
 Cigotuvi's Dreadful Rot  Necr/Alch/Air  10%        N/A       17%         2
 Mephitic Cloud           Conj/Alch/Air  8%         N/A       24%         3


Dungeon Overview and Level Annotations

Branches:
Dungeon (2/15)

Altars:

Annotations:
D:2 Terence


Message History

Your cerulean imp barely misses Terence.
Terence hits you with a +0 hand axe!
* * * LOW HITPOINT WARNING * * *
Terence misses your cerulean imp.
Unknown command.
You feel ready to blink again.
Your cerulean imp hits Terence from afar with a -3 spear.
Casting: Magic Dart (safe; 4% risk of failure)
Confirm with . or Enter, or press ? or * to list all spells.
You miscast Blink.
You are very lightly contaminated with residual magic.
Nothing appears to happen.
Your cerulean imp barely misses Terence.
Casting: Blink (safe; 8% risk of failure)
Confirm with . or Enter, or press ? or * to list all spells.
You blink.
It was a potion of lignification.
You turn into a tree.
Your +0 hat melds into your body.
Your +0 robe melds into your body.
Your roots penetrate the ground.
Terence screams, "I'm going to kill you!"
Unknown command.
It was a potion of cancellation.
Your magical effects are unravelling.
You feel magically purged.
Your magical contamination has completely faded away.
You feel less wooden.
Your +0 hat unmelds from your body.
Your +0 robe unmelds from your body.
As you read the scroll labelled NASIELYO VEFEAS, it crumbles to dust.
You feel aware of your surroundings.
It was a scroll of revelation.
As you read the scroll labelled RYNNEI FURELU, it crumbles to dust.
You hear a loud clanging noise!
It was a scroll of noise.
You feel ready to blink again.
You hear a loud squeak.
You hear a shout!
Terence barely misses you.
Terence hits your cerulean imp with a +0 hand axe.
Your cerulean imp hits Terence but does no damage.
Terence hits you with a +0 hand axe.
You die...
Terence says, "Rest in peace."

.....#.######.####### *,*,,,,,
.....#.######.######### *,*,**,*
.....#.#....#.######### *,*,*,,*
.....+...♣....######### *,*,*,,*
.....#...♣..........###***,*,**,*
.....+.................,,,,,,,,,*
.....#.###..........###***,*,****
.....†.###..........####,,,,,,,,,
.......'........@...'..#,*,*,****
.......##......@....##.#,*,*,*,,,
.........#...###5....#.*,*,*,*,**
.........###.........#.*,*,,,*,*,
####.....###.###...#.#.#,*,,,,,*,
#.....+.....+...^...#,*,,,,,*,
#.....####.##...#.###,**,,,,,,
#.....####.##...#.#.,,,,,,*,**
#.....* #.##...#,*,,,,,,,*,,,


You could see Terence (ally target) and a friendly cerulean imp (summoned).

Vanquished Creatures
  2 adders (D:2)
  4 ball pythons
  3 endoplasms (D:1)
  A giant cockroach (D:2)
  4 goblins
  4 hobgoblins
  3 jackals (D:2)
  A quokka (D:1)
  5 bats (D:1)
  A kobold (D:1)
  3 rats (D:1)
31 creatures vanquished.

Vanquished Creatures (collateral kills)
  A ball python (D:2)
1 creature vanquished.

Grand Total: 32 creatures vanquished

Notes
Turn   | Place    | Note
-------+----------+-------------------------------------------
     0 | D:1      | pokedragonboy the Deep Elf Hedge Wizard began the quest for
                  | the Orb.
     0 | D:1      | Reached XP level 1. HP: 10/10 MP: 7/7
   144 | D:1      | Reached XP level 2. HP: 15/15 MP: 5/9
   193 | D:1      | Learned a level 2 spell: Blink
   196 | D:1      | Learned a level 2 spell: Call Imp
   461 | D:1      | Found a faded altar of an unknown god.
   888 | D:2      | Reached skill level 5 in Spellcasting
   888 | D:2      | Reached XP level 3. HP: 8/19 MP: 3/11
  1129 | D:2      | Noticed Terence
  1194 | D:2      | Slain by Terence

Illustrated notes

Levels and vault maps discovered:
D:1:      dpeg_arrival_pits, layout_basic, shapermc_ecumenical_altar_petra,
          feat_on_display
D:2:      layout_basic, chequers_mini_garden, uniq_jessica, uniq_terence

Skill      XL: |  1  2  3 |
---------------+----------+-----
Conjurations   | 2 |  2.4
Spellcasting   | 5 |  5.2
Translocations | 2 |  2.0
Dodging        | |  2.4
Stealth        | |  2.4
Summonings     | |  1.4

Action                     || total
---------------------------++-------
  Melee: Dagger            ||     2
   Cast: Magic Dart        ||    71
         Call Imp          ||     6
         Blink             ||     4
    Use: Potion            ||     3
         Scroll            ||     2
 Armour: Robe              ||    18
  Dodge: Dodged            ||    15

Table legend: (Time is in decaauts)
 A = Elapsed time spent in this place.
 B = Non-inter-level travel time spent in this place.
 C = Inter-level travel time spent in this place.
 D = Time resting spent in this place.
 E = Time spent auto-exploring this place.
 F = Levels seen in this place.
 G = Mean time per level.
                   A        B        C        D        E       F      G
               +--------+--------+--------+--------+--------+-----+--------+
         Total |   1193 |   1187 |      6 |    197 |    806 |   2 |  596.5 |
       Dungeon |   1193 |   1187 |      6 |    197 |    806 |   2 |  596.5 |
               +--------+--------+--------+--------+--------+-----+--------+

Top non-repeatable levels by time:
     D:1: 800 daAuts
     D:2: 393 daAuts
